 Dungeon Crawl Stone Soup version 0.30-a0-862-g1aabd4f9c5 (webtiles) character file.

Game seed: 12570365304585286665

94656 qeuew the Carver (level 15, -8/116 HPs)
             Began as a Demonspawn Chaos Knight on Mar 8, 2023.
             Was a Plaything of Xom.
             Mangled by a naga warrior
             ... wielding a +0 short sword of venom
              (27 damage)
             ... on level 4 of the Snake Pit.
             The game lasted 00:39:01 (20331 turns).

qeuew the Carver (Demonspawn Chaos Knight)         Turns: 20331, Time: 00:39:01

Health: -8/116     AC: 39    Str: 16    XL:     15   Next: 64%
Magic:  15/15      EV: 10    Int: 17    God:    Xom [....*.]
Gold:   2133       SH: 12    Dex: 22    Spells: 14/14 levels left

rFire   + . .      SeeInvis +    i - +3 scimitar (protect)
rCold   x . .      Faith    .    o - +4 buckler "Mugranegh" {Str+3 Slay+5}
rNeg    + + +      Spirit   .    A - +1 plate armour of Sinyntab {Rampage rElec SInv}
rPois   +          Reflect  .    (helmet restricted)
rElec   +          Rampage  +    u - +1 cloak of the Little Devil {Rampage rElec Int+4}
rCorr   .                        I - +2 pair of gloves
Will    +....                    z - +1 pair of boots {Fly} Stlth
                                 H - macabre finger necklace {Finger+ rN+}
HPRegen 1.19/turn                M - ring of Jexymm {rElec rC- rN+++ Dex+2 SInv}
MPRegen 0.14/turn                h - ring of poison resistance
                                 E - +4 ring of protection

@: lethally poisoned (-8 -> -11), under a protective aura, flying, slowed,
invisible, very slow
A: horns 2, icy blue scales 2, ignite blood 2, spiny 2, fire resistance 1,
mutation resistance 1, sense surroundings 1, regeneration 1, screaming 1
a: Renounce Religion


You were on level 4 of the Snake Pit.
You worshipped Xom.
You were a beloved toy of Xom.
You visited 3 branches of the dungeon, and saw 20 of its levels.
You also visited: Bailey.

You collected 2793 gold pieces.
You spent 660 gold pieces at shops.

Inventory:

Hand Weapons
 i - a +3 scimitar of protection (weapon)
Missiles
 w - 4 throwing nets
Armour
 o - the +4 buckler "Mugranegh" (worn) {Str+3 Slay+5}
   (You acquired it on level 5 of the Dungeon)

   Str:       It affects your strength (+3).
   Slay:      It affects your accuracy & damage with ranged weapons and melee
   (+5).
 u - the +1 cloak of the Little Devil (worn) {Rampage rElec Int+4}
   (You found it in a bailey)

   Int:       It affects your intelligence (+4).
   rElec:     It insulates you from electricity.
   Rampage:   It bestows one free step when moving towards enemies.
 z - a +1 pair of boots of flying (worn)
 A - the +1 plate armour of Sinyntab (worn) {Rampage rElec SInv}
   (You took it off an orc priest on level 8 of the Dungeon)

   rElec:     It insulates you from electricity.
   SInv:      It lets you see invisible.
   Rampage:   It bestows one free step when moving towards enemies.
 I - a +2 pair of gloves (worn)
Jewellery
 e - a ring of protection from fire
 h - a ring of poison resistance (right hand)
 p - a ring of positive energy
 r - a ring of flight
 E - a +4 ring of protection (on amulet)
 H - the macabre finger necklace (around neck) {Finger+ rN+}
   (You found it on level 4 of the Lair of Beasts)

   [amulet of nothing]

   Finger+:   It enables you to equip an extra ring.
   rN:        It protects you from negative energy.
 M - the ring of Jexymm (left hand) {rElec rC- rN+++ Dex+2 SInv}
   (You bought it in a shop on level 3 of the Snake Pit)

   [ring of see invisible]

   Dex:       It affects your dexterity (+2).
   rC:        It makes you vulnerable to cold.
   rElec:     It insulates you from electricity.
   rN:        It renders you almost immune to negative energy.
   SInv:      It lets you see invisible.
Wands
 g - a wand of polymorph (16)
 k - a wand of light (14) (quivered)
 t - a wand of flame (18)
 y - a wand of paralysis (20)
 G - a wand of roots (21)
 L - a wand of digging (11)
Scrolls
 d - 7 scrolls of teleportation
 l - 7 scrolls of fog
 m - 3 scrolls of enchant armour
 n - a scroll of vulnerability {unknown}
 q - 15 scrolls of identify
 x - a scroll of silence
 C - a scroll of amnesia
 F - 6 scrolls of poison
 K - a scroll of enchant weapon
Potions
 a - 5 potions of brilliance
 b - a potion of berserk rage
 f - 7 potions of curing
 j - 6 potions of cancellation
 s - 8 potions of flight
 B - 2 potions of mutation
 D - a potion of ambrosia
 J - 4 potions of haste
Miscellaneous
 c - a piece from Xom's chessboard (15/15)


   Skills:
 + Level 10.3 Fighting
 * Level 12.9 Long Blades
 * Level 12.9 Armour
 + Level 9.1 Dodging
 * Level 11.9 Shields
 + Level 9.9 Evocations


You had 14 spell levels left.
You didn't know any spells.
Your spell library contained the following spells:

 Spells                   Type           Power      Damage    Failure   Level
 Beastly Appendage        Tmut           0%         N/A       100%        1
 Foxfire                  Conj/Fire      0%         2x1d4     100%        1
 Magic Dart               Conj           0%         1d3       100%        1
 Shock                    Conj/Air       0%         1d3       100%        1
 Slow                     Hex            0%         N/A       100%        1
 Summon Small Mammal      Summ           0%         N/A       100%        1
 Blink                    Tloc           0%         N/A       100%        2
 Call Imp                 Summ           0%         N/A       100%        2
 Ensorcelled Hibernation  Hex/Ice        0%         N/A       100%        2
 Lesser Beckoning         Tloc           0%         N/A       100%        2
 Momentum Strike          Conj/Tloc      0%         3d8       100%        2
 Searing Ray              Conj           0%         2d4       100%        2
 Wereblood                Tmut           0%         N/A       100%        2
 Call Canine Familiar     Summ           0%         N/A       100%        3
 Ignite Poison            Fire/Tmut/Pois 0%         N/A       100%        3
 Kindle Blastsparks       Fire/Tloc/Air  0%         2d10      100%        3
 Mephitic Cloud           Conj/Pois/Air  0%         N/A       100%        3
 Spider Form              Tmut/Pois      0%         N/A       100%        3
 Summon Guardian Golem    Hex/Summ       0%         N/A       100%        3
 Swiftness                Air            0%         N/A       100%        3
 Airstrike                Air            0%         2d(0-16)  100%        4
 Anguish                  Hex/Necr       0%         N/A       100%        4
 Animate Dead             Necr           0%         N/A       100%        4
 Fulminant Prism          Conj/Hex       0%         3d5       100%        4
 Iskenderun's Mystic Bla  Conj/Tloc      0%         2d3       100%        4
 Sticky Flame             Conj/Fire      0%         2d3       100%        4
 Borgnjor's Vile Clutch   Necr/Erth      0%         N/A       100%        5
 Fireball                 Conj/Fire      0%         3d3       100%        5
 Freezing Cloud           Conj/Ice/Air   0%         6-21      100%        5
 Lee's Rapid Deconstruct  Erth           0%         3d4*      100%        5
 Yara's Violent Unravell  Hex/Tmut       0%         3d3       100%        5
 Death Channel            Necr           0%         N/A       100%        6
 Starburst                Conj/Fire      0%         6d3       100%        6
 Enfeeble                 Hex            0%         N/A       100%        7
 Ignition                 Fire           0%         3d3       100%        8


Dungeon Overview and Level Annotations

Branches:
Dungeon (11/15)            Temple (0/1) D:7            Lair (5/5) D:11
  Swamp (0/4) Lair:3        Snake (4/4) Lair:3        Slime (0/5) Lair:5
    Orc (0/2) D:10         Bailey (visited)

Altars:
Ashenzari
Hepliaklqana
Nemelex Xobeh
Okawaru
Xom
Yredelemnul
Lugonu

Shops:
D:6 :   Snake:1 =   Snake:3 ?[=

Portals:
Abyss: Lair:5

Annotations:
Snake:1 2 transporters, exclusion: orange crystal statue


Innate Abilities, Weirdness & Mutations

You have a pair of horns on your head.
You are mostly covered in icy blue scales. (AC +3)
Your demonic aura often causes spilled blood to erupt in flames.
You are mostly covered in sharp spines.
Your flesh is heat resistant. (rF+)
You are somewhat resistant to further mutation.
You passively map a small area around you.
Your natural rate of healing is unusually fast.
You occasionally shout uncontrollably at your foes.


Message History

You feel sick. You block the anaconda's attack.
The naga warrior is struck by your spines.
The naga warrior hits you with a +0 short sword of venom!
You block the anaconda's attack.
The naga warrior is struck by your spines.
The naga warrior hits you with a +0 hand axe!
* * * LOW HITPOINT WARNING * * *
The naga warrior spits poison at you. You block the splash of poison.
Unknown command.
You feel much better.
You feel sick. The anaconda misses you.
An anaconda comes into view.
The anaconda is engulfed in blazing flames.
The naga warrior is struck by your spines.
The naga warrior hits you with a +0 hand axe!!
* * * LOW HITPOINT WARNING * * *
The anaconda is engulfed in blazing flames.
The naga warrior is engulfed in blazing flames.
The naga warrior hits you but does no damage.
You are more poisoned.
The anaconda bites you but does no damage.
You block the naga warrior's attack.
You hear a shout!
You fade into invisibility!
You feel very sick.
You hear a shout! x4
You block the anaconda's attack.
The naga warrior is engulfed in blazing flames.
The naga warrior spits poison at you.
The splash of poison hits you but does no damage.
You resist. The anaconda is struck by your spines. The anaconda misses you.
The naga warrior spits poison at you.
The splash of poison hits you but does no damage.
You are more poisoned.
You resist.
The naga warrior is engulfed in blazing flames.
The naga warrior is struck by your spines.
The naga warrior hits you with a +0 short sword of venom!!
You die...
Xom chortles!

* * , #.# # , ..8...8....
#.# # , , .^.......# #.# #
,...⌠..... #.#### , , * ,
....... #.#... , .....#
#.#.## ** ####S..## #.#.##
.# ##☼SN....# #.#..# **
#.# ##.)@.☼..#* #.##.# . ,
...# *#...○N#### #.##.# .#
..# #...)### #.##.# ...
,#.# #.... *** #.....
#N###.### ##... ,*######..
#..N..).## ###.,,, , , ..#
#.. #.....#..##
#########.... ##.#
#...).##..#####...........
#...
#.#.##.......#....)......#
#...


You could see 2 naga warriors and 2 anacondas.

Vanquished Creatures
  An iron giant (Snake:2)
  2 nagarajas
  A minotaur (Lair:5)
  Josephine (D:11)
  The ghost of Poahonk the Grappler, a journeyman TrCK of Xom (Lair:1)
  3 hydras
  Harold (Lair:2)
  A catoblepas (Lair:4)
  A boulder beetle (D:11)
  3 anacondas
  9 two-headed ogres
  11 naga warriors
  5 shock serpents
  8 naga sharpshooters
  3 thrashing horrors (Lair:5)
  A skyshark (Lair:5)
  Amaemon (Lair:2)
  2 salamander mystics
  A bog body (Lair:3)
  2 large abominations (Lair:5)
  2 naga ritualists (Snake:2)
  An ugly thing (Lair:5)
  5 mana vipers
  13 elephants (Lair:5)
  10 salamanders
  A cyclops (D:8)
  A manticore (D:8)
  4 guardian serpents
  7 naga magi
  19 black mambas
  A cane toad (shapeshifter) (D:10)
  An orange demon (Lair:2)
  3 smoke demons (Lair:5)
  A torpor snail (Lair:3)
  11 cane toads
  10 komodo dragons
  7 rime drakes
  3 ancient zymes (Lair:5)
  3 trolls
  4 polar bears
  17 blink frogs
  Sigmund (D:6)
  A ynoxinul (Lair:5)
  6 wyverns
  A yak (shapeshifter) (D:10)
  34 yaks
  2 vampires
  2 spriggans
  A golden eye (D:9)
  5 wraiths
  3 chaos spawn (Lair:5)
  4 basilisks
  28 nagas
  Duvessa (D:5)
  18 water moccasins
  9 small abominations (Lair:5)
  7 ice beasts
  20 orc warriors
  2 ogres (D:5)
  2 black bears (Lair:1)
  3 wolves (D:11)
  6 centaurs
  7 kobold brigands
  14 bullfrogs
  6 scorpions
  8 wights
  Dowan (D:5)
  A killer bee (D:10)
  An electric eel (D:11)
  4 howler monkeys
  13 orc priests
  4 hounds
  3 iguanas
  2 sleepcaps
  5 hell rats (Lair:5)
  9 orc wizards
  11 adders
  A shadow imp (D:7)
  2 white imps
  An ufetubus (D:7)
  3 worms
  2 dart slugs
  44 orcs
  12 ball pythons
  2 bats
  6 endoplasms
  8 giant cockroaches
  3 goblins
  9 hobgoblins
  3 jackals (D:2)
  3 quokkas
  4 frilled lizards
  29 kobolds
  9 rats
568 creatures vanquished.

Vanquished Creatures (collateral kills)
  A quicksilver dragon (Snake:2)
  A shock serpent (Snake:4)
  A black mamba (Lair:4)
  A yak (D:9)
  A wraith (D:11)
  A naga (Snake:4)
  3 kobold brigands (Bailey)
  An electric eel (Lair:4)
  An adder (D:4)
  2 orcs
  2 kobolds (Bailey)
15 creatures vanquished.

Vanquished Creatures (others)
  A naga (Snake:2)
  An orc warrior (Snake:3)
  An orc priest (Snake:3)
  An orc (Snake:3)
  12 fungi
  9 plants
25 creatures vanquished.

Grand Total: 608 creatures vanquished

Notes
Turn   | Place    | Note
-------+----------+-------------------------------------------
     0 | D:1      | qeuew the Demonspawn Chaos Knight began the quest for the
                  | Orb.
     0 | D:1      | Reached XP level 1. HP: 18/18 MP: 1/1
    42 | D:1      | XOM: silly message
    61 | D:1      | XOM: 1-stop teleportation journey
   146 | D:1      | Reached skill level 1 in Dodging
   202 | D:1      | Gained mutation: You are partially covered in icy blue
                  | scales. (AC +2) [demonic ancestry]
   202 | D:1      | Reached XP level 2. HP: 14/24 MP: 2/2
   218 | D:1      | XOM: noise
   498 | D:1      | Found a faded altar of an unknown god.
   642 | D:1      | Gained mutation: Your body sometimes deteriorates upon
                  | taking damage. [potion of mutation]
   642 | D:1      | Gained mutation: You are strong-willed. (Will+) [potion of
                  | mutation]
   642 | D:1      | Gained mutation: You possess an exceptional clarity of
                  | mind. [potion of mutation]
   826 | D:2      | Gained mutation: You are partially covered in sharp spines.
                  | [demonic ancestry]
   826 | D:2      | Reached XP level 3. HP: 29/29 MP: 3/3
   863 | D:2      | XOM: god gift: 37 gold pieces
   937 | D:2      | Reached skill level 1 in Evocations
  1164 | D:2      | Gained mutation: You have a pair of small horns on your
                  | head. [demonic ancestry]
  1164 | D:2      | Reached XP level 4. HP: 30/35 MP: 4/4
  1848 | D:3      | XOM: god gift: scroll labelled ALUNOSOSAKK {god gift}
  1917 | D:3      | Identified the +1 leather armour "Peinit" {rElec rF+++
                  | Str-4 SInv}
  1917 | D:3      | XOM: god gift: 32 gold pieces
  1998 | D:3      | XOM: god gift: wooden wand {god gift}
  2428 | D:4      | Reached XP level 5. HP: 39/41 MP: 5/5
  2993 | D:4      | XOM: give mutations
  2993 | D:4      | Gained mutation: Your body often deteriorates upon taking
                  | damage. [Xom's mischief]
  2993 | D:4      | Gained mutation: You expend magic power (3 MP) to
                  | strengthen your wands. [Xom's mischief]
  2993 | D:4      | Gained mutation: Your magical capacity is low. (-10% MP)
                  | [Xom's mischief]
  2993 | D:4      | Gained mutation: You occasionally shout uncontrollably at
                  | your foes. [Xom's mischief]
  3160 | D:5      | Entered Level 5 of the Dungeon
  3185 | D:5      | XOM: butterfly on damage
  3229 | D:5      | Lost mutation: You occasionally shout uncontrollably at
                  | your foes. [potion of mutation]
  3229 | D:5      | Lost mutation: You are strong-willed. (Will+) [potion of
                  | mutation]
  3229 | D:5      | Gained mutation: You have a pair of horns on your head.
                  | [potion of mutation]
  3229 | D:5      | Gained mutation: You passively map a small area around you.
                  | [potion of mutation]
  3229 | D:5      | Gained mutation: Your mind is acute. (Int +4, Str/Dex -1)
                  | [potion of mutation]
  3341 | D:5      | Noticed a water moccasin
  3341 | D:5      | Noticed an ogre
  3344 | D:5      | XOM: summons 2 friendly demons
  3350 | D:5      | Killed a water moccasin
  3351 | D:5      | Gained mutation: Your demonic aura sometimes causes spilled
                  | blood to erupt in flames. [demonic ancestry]
  3351 | D:5      | Reached XP level 6. HP: 39/48 MP: 5/5
  3359 | D:5      | Reached XP level 7. HP: 45/54 MP: 6/6
  3361 | D:5      | Noticed Duvessa
  3362 | D:5      | Noticed Dowan
  3368 | D:5      | XOM: divination: detect items
  3370 | D:5      | Killed Duvessa
  3381 | D:5      | Killed Dowan
  3813 | D:5      | XOM: cast spell 'Summon Dragon'
  3819 | D:5      | Reached skill level 5 in Long Blades
  3854 | D:5      | XOM: cloud trail
  3878 | D:5      | XOM: scenery: create altars
  4062 | D:5      | Found a broken altar of Ashenzari.
  4063 | D:5      | Found a hazy altar of Hepliaklqana.
  4515 | D:5      | Identified a scroll of acquirement
  4515 | D:5      | Acquired the +4 buckler "Mugranegh" {Str+3 Slay+5}
  4585 | D:6      | Noticed Sigmund
  4589 | D:6      | XOM: summons 2 friendly demons
  4592 | D:6      | Reached XP level 8. HP: 54/61 MP: 7/7
  4593 | D:6      | Killed Sigmund
  4628 | D:6      | XOM: god gift: 1013 gold pieces
  4632 | D:6      | Reached skill level 5 in Armour
  4632 | D:6      | Reached skill level 1 in Shields
  4841 | D:6      | Found Zupoz's Book Emporium.
  4922 | D:6      | Reached skill level 5 in Fighting
  5028 | D:6      | XOM: cloud trail
  5029 | D:6      | Lost mutation: You expend magic power (3 MP) to strengthen
                  | your wands. [potion of mutation]
  5029 | D:6      | Lost mutation: Your body often deteriorates upon taking
                  | damage. [potion of mutation]
  5029 | D:6      | Lost mutation: Your body sometimes deteriorates upon taking
                  | damage. [potion of mutation]
  5029 | D:6      | Gained mutation: You are agile. (Dex +4, Str/Int -1)
                  | [potion of mutation]
  5029 | D:6      | Gained mutation: You have sharp toenails. [potion of
                  | mutation]
  5029 | D:6      | Gained mutation: You have a pair of large horns on your
                  | head. [potion of mutation]
  5174 | D:6      | XOM: give mutations
  5174 | D:6      | Gained mutation: Your muscles are strong. (Str +4, Int/Dex
                  | -1) [Xom's grace]
  5174 | D:6      | Gained mutation: Your mind is very acute. (Int +8, Str/Dex
                  | -2) [Xom's grace]
  5174 | D:6      | Gained mutation: You passively map the area around you.
                  | [Xom's grace]
  5175 | D:6      | XOM: god gift: jewelled ivory wand {god gift}
  5435 | D:7      | Found a flagged portal.
  5435 | D:7      | XOM: divination: detect items
  5445 | Bailey   | Entered a bailey
  5458 | Bailey   | XOM: summons 7 friendly demons
  5462 | Bailey   | Reached XP level 9. HP: 63/68 MP: 8/8
  5568 | Bailey   | XOM: summons friendly white imp
  5768 | Bailey   | XOM: give mutations
  5768 | Bailey   | Gained mutation: Your flesh is heat resistant. (rF+) [Xom's
                  | grace]
  5768 | Bailey   | Gained mutation: You are somewhat resistant to further
                  | mutation. [Xom's grace]
  5768 | Bailey   | Gained mutation: You have razor-sharp toenails. [Xom's
                  | grace]
  5768 | Bailey   | Gained mutation: You are strong-willed. (Will+) [Xom's
                  | grace]
  5775 | Bailey   | Found a burning altar of Makhleb.
  5939 | Bailey   | Identified the +1 cloak of the Little Devil {Rampage rElec
                  | Int+4}
  6161 | D:7      | Found a staircase to the Ecumenical Temple.
  6546 | D:8      | XOM: god gift: 2 atropa-tipped darts
  6619 | D:8      | Found a sparkling altar of Nemelex Xobeh.
  6690 | D:8      | Noticed a cyclops
  6691 | D:8      | XOM: destruction
  6691 | D:8      | Noticed a two-headed ogre
  6700 | D:8      | Killed a two-headed ogre
  6701 | D:8      | Gained mutation: You are mostly covered in icy blue scales.
                  | (AC +3) [demonic ancestry]
  6701 | D:8      | Reached XP level 10. HP: 40/76 MP: 9/9
  6702 | D:8      | Noticed a manticore
  6703 | D:8      | Killed a cyclops
  6704 | D:8      | Reached skill level 5 in Evocations
  6708 | D:8      | Killed a manticore
  6709 | D:8      | Reached skill level 5 in Shields
  6799 | D:8      | XOM: 2-stop teleportation journey
  6801 | D:8      | XOM: god gift: +1 pair of boots of flying
  6833 | D:8      | XOM: god gift: Everburning Encyclopedia
  6934 | D:8      | Identified the +1 plate armour of Sinyntab {Rampage rElec
                  | SInv}
  7251 | D:8      | Identified the +7 quarterstaff of Watchfulness {venom,
                  | rPois rN+ Will+ Str+3}
  7378 | D:9      | XOM: polymorph kobold demonologist -> golden eye
  7481 | D:9      | XOM: summons friendly quasit
  7486 | D:9      | Reached skill level 5 in Dodging
  7736 | D:9      | XOM: 1-stop teleportation journey
  8091 | D:9      | XOM: polymorph yak -> spriggan
  8319 | D:9      | XOM: silly message
  8473 | D:9      | XOM: summons 6 hostile demons
  8621 | D:10     | Entered Level 10 of the Dungeon
  8622 | D:10     | XOM: summons friendly white imp
  8662 | D:10     | Noticed a two-headed ogre
  8667 | D:10     | Killed a two-headed ogre
  8668 | D:10     | Reached XP level 11. HP: 80/83 MP: 9/9
  8675 | D:10     | Noticed a two-headed ogre
  8677 | D:10     | XOM: give mutations
  8677 | D:10     | Lost mutation: You are strong-willed. (Will+) [Xom's
                  | mischief]
  8677 | D:10     | Lost mutation: You are agile. (Dex +4, Str/Int -1) [Xom's
                  | mischief]
  8680 | D:10     | Killed a two-headed ogre
  8683 | D:10     | XOM: polymorph white imp -> shadow imp
  8706 | D:10     | Found an iron altar of Okawaru.
  8715 | D:10     | Noticed a two-headed ogre
  8721 | D:10     | Killed a two-headed ogre
  8821 | D:10     | Noticed a two-headed ogre
  8827 | D:10     | Killed a two-headed ogre
  8868 | D:10     | XOM: noise
  8871 | D:10     | XOM: silly message
  8942 | D:10     | Noticed a two-headed ogre
  8950 | D:10     | Killed a two-headed ogre
  9049 | D:10     | XOM: stat loss: -1 Str (16/17)
  9398 | D:10     | Found a staircase to the Orcish Mines.
  9403 | D:10     | XOM: polymorph orc warrior -> shapeshifter
  9625 | D:11     | Found the +8 frozen axe "Frostbite" {freeze, freezing
                  | cloud, *Noise Fly rC+}
  9655 | D:11     | Found a staircase to the Lair.
  9665 | D:11     | Noticed a two-headed ogre
  9670 | D:11     | XOM: swap monsters
  9679 | D:11     | Killed a two-headed ogre
  9817 | D:11     | Noticed a boulder beetle
  9827 | D:11     | XOM: swap monsters
  9852 | D:11     | Killed a boulder beetle
  9975 | D:11     | Noticed Josephine
  9989 | D:11     | Killed Josephine
  9990 | D:11     | Reached XP level 12. HP: 55/91 MP: 10/10
 10221 | D:11     | Noticed a two-headed ogre
 10227 | D:11     | Killed a two-headed ogre
 10254 | D:11     | XOM: noise
 10400 | D:11     | Noticed a two-headed ogre
 10405 | D:11     | Killed a two-headed ogre
 10592 | Lair:1   | Entered Level 1 of the Lair of Beasts
 10592 | Lair:1   | Noticed Poahonk's ghost (journeyman TrCK)
 10592 | Lair:1   | Found a runed translucent door.
 10608 | Lair:1   | Killed Poahonk's ghost
 10664 | Lair:1   | XOM: scenery: 2 fountains blood, 1 doors close
 10863 | Lair:1   | XOM: enchant monster (good)
 11135 | Lair:1   | XOM: give mutations
 11135 | Lair:1   | Gained mutation: You passively map a large area around you.
                  | [Xom's grace]
 11135 | Lair:1   | Gained mutation: Your spells are a little harder to cast,
                  | but a little more powerful. [Xom's grace]
 11135 | Lair:1   | Lost mutation: You have razor-sharp toenails. [Xom's grace]
 11135 | Lair:1   | Lost mutation: You have sharp toenails. [Xom's grace]
 11135 | Lair:1   | Gained mutation: You have large cloven feet. [Xom's grace]
 11235 | Lair:1   | XOM: summons 2 friendly demons
 11366 | Lair:1   | XOM: noise
 11821 | Lair:2   | Noticed Harold
 11821 | Lair:2   | XOM: 5-stop teleportation journey
 11826 | Lair:2   | Killed Harold
 11894 | Lair:2   | Noticed Amaemon
 11909 | Lair:2   | Killed Amaemon
 11910 | Lair:2   | Reached skill level 10 in Long Blades
 12063 | Lair:2   | XOM: 6-stop teleportation journey
 12071 | Lair:2   | Reached skill level 10 in Armour
 12075 | Lair:2   | XOM: confuse monster(s)
 12120 | Lair:2   | XOM: 2-stop teleportation journey
 12342 | Lair:2   | Got the Almanac of Imprecation
 12558 | Lair:2   | XOM: 4-stop teleportation journey
 12612 | Lair:2   | XOM: god gift: scroll labelled ARU HODGHUQULAU {god gift}
 13071 | Lair:2   | XOM: silly message
 13114 | Lair:3   | Found a staircase to the Swamp.
 13201 | Lair:3   | Gained mutation: Your demonic aura often causes spilled
                  | blood to erupt in flames. [demonic ancestry]
 13201 | Lair:3   | Reached XP level 13. HP: 89/98 MP: 11/11
 13224 | Lair:3   | XOM: silly message
 13400 | Lair:3   | XOM: give mutation
 13400 | Lair:3   | Lost mutation: Your muscles are strong. (Str +4, Int/Dex
                  | -1) [Xom's mischief]
 13451 | Lair:3   | XOM: summons 6 hostile demons
 13455 | Lair:3   | XOM: enchant monster (good)
 13857 | Lair:3   | Found a staircase to the Snake Pit.
 13940 | Lair:3   | XOM: divination: detect items
 14000 | Lair:4   | XOM: noise
 14027 | Lair:4   | XOM: scenery: summon butterflies
 14089 | Lair:4   | Found the macabre finger necklace {Finger+ rN+}
 14109 | Lair:4   | XOM: summons 8 friendly demons
 14112 | Lair:4   | XOM: blink monster(s)
 14506 | Lair:4   | XOM: god gift: staff of fire
 14523 | Lair:4   | XOM: god gift: book of Conjurations
 14594 | Lair:5   | Entered Level 5 of the Lair of Beasts
 14627 | Lair:5   | a catoblepas changed into a minotaur
 14627 | Lair:5   | Noticed a minotaur
 14627 | Lair:5   | XOM: polymorph catoblepas -> minotaur
 14634 | Lair:5   | Killed a minotaur
 14696 | Lair:5   | XOM: summons friendly quasit
 14697 | Lair:5   | XOM: enchant monster (bad)
 14791 | Lair:5   | XOM: scenery: summon butterflies
 14922 | Lair:5   | Found a staircase to the Slime Pits.
 15044 | Lair:5   | Reached skill level 10 in Shields
 15064 | Lair:5   | XOM: enchant monster (bad)
 15103 | Lair:5   | XOM: 2-stop teleportation journey
 15110 | Lair:5   | Gained mutation: You are mostly covered in sharp spines.
                  | [demonic ancestry]
 15110 | Lair:5   | Reached XP level 14. HP: 100/108 MP: 12/12
 15112 | Lair:5   | XOM: polymorph smoke demon -> ynoxinul
 15442 | Lair:5   | XOM: blink monster(s)
 15800 | Lair:5   | XOM: noise
 15910 | Lair:5   | XOM: summons 1 hostile demon
 15934 | Lair:5   | Found a corrupted altar of Lugonu.
 15934 | Lair:5   | Found a one-way gate to the infinite horrors of the Abyss.
 15935 | Lair:5   | XOM: summons 1 hostile shadow creature
 16249 | Snake:1  | Entered Level 1 of the Snake Pit
 16401 | Snake:1  | Found a transporter.
 16450 | Snake:1  | Found a transporter.
 16460 | Snake:1  | Found Segiot's Jewellery Shoppe.
 16638 | Snake:1  | XOM: summons friendly quasit
 16698 | Snake:1  | XOM: summons friendly quasit
 16828 | Snake:1  | XOM: smoke on damage
 16862 | Snake:1  | XOM: divination: detect items
 17109 | Snake:1  | XOM: 4-stop teleportation journey
 17177 | Snake:1  | Found a basalt altar of Yredelemnul.
 17199 | Snake:1  | XOM: 1-stop teleportation journey
 17391 | Snake:1  | XOM: give mutations
 17391 | Snake:1  | Lost mutation: Your magical capacity is low. (-10% MP)
                  | [Xom's mischief]
 17391 | Snake:1  | Lost mutation: You have large cloven feet. [Xom's mischief]
 17391 | Snake:1  | Lost mutation: You have a pair of large horns on your head.
                  | [Xom's mischief]
 17397 | Snake:1  | XOM is BORED!
 17397 | Snake:1  | XOM: give mutation
 17397 | Snake:1  | Lost mutation: You passively map a large area around you.
                  | [Xom's mischief]
 17398 | Snake:1  | Lost mutation: You possess an exceptional clarity of mind.
                  | [potion of mutation]
 17398 | Snake:1  | Lost mutation: You have a pair of horns on your head.
                  | [potion of mutation]
 17401 | Snake:1  | Lost mutation: You passively map the area around you.
                  | [potion of mutation]
 17401 | Snake:1  | Lost mutation: Your mind is very acute. (Int +8, Str/Dex
                  | -2) [potion of mutation]
 17401 | Snake:1  | Gained mutation: You occasionally shout uncontrollably at
                  | your foes. [potion of mutation]
 17401 | Snake:1  | Gained mutation: Your natural rate of healing is unusually
                  | fast. [potion of mutation]
 17673 | Snake:1  | XOM: give mutations
 17673 | Snake:1  | Lost mutation: Your mind is acute. (Int +4, Str/Dex -1)
                  | [Xom's mischief]
 17673 | Snake:1  | Lost mutation: Your spells are a little harder to cast, but
                  | a little more powerful. [Xom's mischief]
 17698 | Snake:2  | XOM: 1-stop teleportation journey
 17718 | Snake:2  | XOM: confuse monster(s)
 17832 | Snake:2  | XOM: summons friendly shadow imp
 17841 | Snake:2  | XOM: enchant monster (bad)
 17922 | Snake:2  | Identified the amulet of Xaosm {Spirit +Blink rPois rC++
                  | Str-3}
 17994 | Snake:2  | XOM: 8-stop teleportation journey
 18015 | Snake:2  | XOM: enchant monster (good)
 18020 | Snake:2  | XOM: snakes to sticks
 18029 | Snake:2  | XOM: enchant monster (good)
 18041 | Snake:2  | XOM: confuse monster(s)
 18108 | Snake:2  | XOM: divination: detect items
 18167 | Snake:2  | XOM: enchant monster (bad)
 18248 | Snake:2  | XOM: summons friendly white imp
 18364 | Snake:2  | XOM: noise
 18440 | Snake:2  | Noticed Vashnia
 18447 | Snake:2  | XOM: cast spell 'Monstrous Menagerie'
 18449 | Snake:2  | Vashnia changed into Vashnia the quicksilver dragon
 18449 | Snake:2  | Noticed Vashnia
 18449 | Snake:2  | XOM: polymorph Vashnia -> Vashnia the quicksilver dragon
 18453 | Snake:2  | Killed Vashnia the quicksilver dragon
 18454 | Snake:2  | Gained mutation: You have a pair of horns on your head.
                  | [demonic ancestry]
 18454 | Snake:2  | Reached XP level 15. HP: 34/115 MP: 15/15
 18455 | Snake:2  | XOM: summons 2 friendly demons
 18631 | Snake:3  | XOM: enchant monster (bad)
 18635 | Snake:3  | XOM: silly message
 18676 | Snake:3  | XOM: scenery: create altars
 18677 | Snake:3  | XOM: smoke on damage
 18774 | Snake:3  | Found Cogiuvil's Jewellery Boutique.
 18782 | Snake:3  | Bought the ring of Jexymm {rElec rC- rN+++ Dex+2 SInv} for
                  | 660 gold pieces
 18798 | Snake:3  | Found Ewosh's Antique Armour Shop.
 18798 | Snake:3  | Noticed Saint Roka
 18798 | Snake:3  | XOM: 6-stop teleportation journey
 18816 | Snake:3  | XOM: divine lightning
 18821 | Snake:3  | Reached skill level 10 in Fighting
 18827 | Snake:2  | Saint Roka changed into Saint Roka the iron giant
 18827 | Snake:2  | Noticed Saint Roka
 18827 | Snake:2  | XOM: polymorph Saint Roka -> Saint Roka the iron giant
 18835 | Snake:2  | XOM: butterfly on damage
 18847 | Snake:2  | Killed Saint Roka the iron giant
 18979 | Snake:3  | XOM: enchant monster (bad)
 18980 | Snake:3  | XOM: noise
 18985 | Snake:3  | XOM: swap monsters
 19086 | Snake:3  | XOM: 1-stop teleportation journey
 19160 | Snake:3  | Found Lueduq's Magic Scroll Boutique.
 19161 | Snake:3  | Noticed a nagaraja
 19168 | Snake:3  | Killed a nagaraja
 19811 | Snake:3  | XOM: summons 2 hostile shadow creatures
 19901 | Snake:4  | Entered Level 4 of the Snake Pit
 19909 | Snake:4  | Found an iron altar of Okawaru.
 19917 | Snake:4  | Identified the +8 hand axe "Buk Nema" {flame, rF- rC- Will+
                  | Str+6}
 20013 | Snake:4  | XOM: chaos cloud
 20051 | Snake:4  | XOM: cloud trail
 20186 | Snake:4  | Noticed a nagaraja
 20195 | Snake:4  | Killed a nagaraja
 20313 | Snake:4  | XOM: 1-stop teleportation journey
 20331 | Snake:4  | Mangled by a naga warrior

Illustrated notes

Levels and vault maps discovered:
D:1:      dpeg_arrival_stone_temple_mockup, layout_rooms,
          hellmonk_ecumenical_altar_crossroads
D:2:      kb_forest_paths, layout_basic
D:3:      layout_basic, nicolae_elyvilon_peaceful_grove, minmay_misc_feat_doors,
          ebering_dispersal_statue_hall
D:4:      layout_basic, minmay_snake_closets
D:5:      layout_layer_cave, nicolae_overflow_hidden_temple,
          minmay_fractal_squares_5, uniq_duvessa
D:6:      layout_loops_ring, serial_shops, shop, serial_glass, glass_columns_a,
          glass_columns_b, glass_columns_b, glass_columns_a, glass_columns_a,
          glass_columns_a, uniq_sigmund
D:7:      layout_basic, minmay_temple_entry_slanted, enter_bailey_6
D:8:      minmay_curly_fans, layout_loops_ring, nemelex_spade_bored_becter
D:9:      layout_layer_cave, chequers_serial_rivers_small_b
D:10:     layout_basic, okawaru_trees_1, david_orc_5, st_stairs_1,
          minmay_misc_feat_x
D:11:     layout_basic, hellmonk_lair_entry_icy, minmay_orc_keep, uniq_josephine
Lair:1:   layout_cave_pods, hellmonk_ghost_happy_afterlife, lemuel_fruit_tree,
          grunt_megastairs_3
Lair:2:   layout_small_grid, infiniplex_staircase_pool_2, grunt_megastairs_4,
          uniq_harold, uniq_amaemon
Lair:3:   layout_loops_ring, skrybe_swamp_entry_bodies,
          nicolae_snake_entry_squirm
Lair:4:   layout_loops_ring, nicolae_quartered_pool_little
Lair:5:   hellmonk_lair_end_abyssal_woods, layout_layer_cave,
          dpeg_slime_entry_enclosed
Snake:1:  gammafunk_sealed_arena, layout_chambers, serial_shops,
          nicolae_shop_temple_entry_statues_fountains, basic_altar,
          grunt_megastairs_2
Snake:2:  layout_cave_town, uniq_vashnia
Snake:3:  nicolae_snake_attic_fulla_snakes, layout_chambers, serial_shops,
          nicolae_diamond_shop, nicolae_large_snake_swirl, minmay_shoptagon,
          uniq_saint_roka
Snake:4:  grunt_snake_rune_serpentine_throne, layout_basic, basic_altar,
          nicolae_snake_guarding_the_ruins, serial_bayou_shore_b

Skill      XL: |  1  2  3  4  5  6  7  8  9 10 11 12 13 14 15 |
---------------+----------------------------------------------+-----
Armour         | 2 3 4 5 6 8 9 10 11 12 | 12.9
Dodging        | 1 2 3 4 5 6 7 8 9 |  9.1
Long Blades    | 3 4 5 6 7 8 9 10 11 12 | 12.9
Evocations     | 1 2 3 4 5 6 7 8 9 |  9.9
Fighting       | 4 5 6 7 8 9 10 | 10.3
Shields        | 2 4 6 7 8 10 11 | 11.9

Action                     |  1- 3 |  4- 6 |  7- 9 | 10-12 | 13-15 || total
---------------------------+-------+-------+-------+-------+-------++-------
  Melee: Falchion          |   119 |   105 |    58 |       |       ||   282
         Headbutt          |       |    21 |    33 |   132 |   242 ||   428
         Punch             |       |       |     1 |       |       ||     1
         Scimitar          |       |       |   101 |   471 |   843 ||  1415
         Kick              |       |       |    31 |    10 |       ||    41
  Evoke: Wand              |       |       |       |     1 |     2 ||     3
    Use: Potion            |     4 |     4 |     7 |     8 |     8 ||    31
         Scroll            |     1 |     9 |     4 |     5 |     7 ||    26
   Stab: Sleeping          |     1 |     4 |     1 |     2 |     1 ||     9
         Petrified         |       |       |       |     4 |     1 ||     5
         Distracted        |       |       |       |     2 |       ||     2
         Confused          |       |       |       |     2 |     7 ||     9
         Invisible         |       |       |       |     1 |       ||     1
 Armour: Leather armour    |    60 |    37 |    37 |     5 |       ||   139
         Plate armour      |       |       |       |   243 |   506 ||   749
  Dodge: Dodged            |    88 |    54 |    76 |   142 |   225 ||   585
  Block: Buckler           |       |       |    68 |   255 |   442 ||   765

Table legend: (Time is in decaauts)
 A = Elapsed time spent in this place.
 B = Non-inter-level travel time spent in this place.
 C = Inter-level travel time spent in this place.
 D = Time resting spent in this place.
 E = Time spent auto-exploring this place.
 F = Levels seen in this place.
 G = Mean time per level.
                   A        B        C        D        E       F      G
               +--------+--------+--------+--------+--------+-----+--------+
         Total |  20256 |  19568 |    688 |     38 |  16363 |  21 |  964.6 |
       Dungeon |  10095 |   9730 |    365 |     38 |   8191 |  11 |  917.7 |
          Lair |   5605 |   5386 |    219 |      0 |   4448 |   5 | 1121.0 |
     Snake Pit |   4004 |   3901 |    103 |      0 |   3254 |   4 | 1001.0 |
        Bailey |    550 |    550 |      0 |      0 |    469 |   1 |  550.0 |
               +--------+--------+--------+--------+--------+-----+--------+

Top non-repeatable levels by time:
  Lair:5: 1566 daAuts
 Snake:1: 1439 daAuts
     D:5: 1426 daAuts
  Lair:2: 1306 daAuts
     D:9: 1290 daAuts
  Lair:1: 1208 daAuts
 Snake:3: 1187 daAuts
    D:10: 1004 daAuts
 Snake:2: 968 daAuts
    D:11: 965 daAuts
     D:2: 909 daAuts
  Lair:3: 885 daAuts
     D:8: 876 daAuts
     D:3: 822 daAuts
     D:6: 783 daAuts
